 Dungeon Crawl Stone Soup version 0.30-a0-360-g447f08457e (webtiles) character file.

Game seed: 14824759617018733897

1987 billz999 the Basher (level 9, 0/65 (71) HPs)
             Began as a Demonspawn Gladiator on Nov 14, 2022.
             Was a Follower of Qazlal.
             Slain by a wight
             ... wielding a +5 long sword
              (4 damage)
             ... on level 8 of the Dungeon.
             The game lasted 00:09:08 (6707 turns).

billz999 the Basher (Demonspawn Gladiator)          Turns: 6707, Time: 00:09:08

HP:   0/65 (71)     AC:  5    Str: 19    XL:     9   Next: 1%
MP:   12/12         EV: 12    Int: 10    God:    Qazlal [*.....]
Gold: 442           SH:  1    Dex: 14    Spells: 8/8 levels left

rFire   . . .      SeeInvis .    a - +0 flail
rCold   . . .      Faith    .    (no shield)
rNeg    . . .      Spirit   .    b - +0 leather armour
rPois   .          Reflect  .    (helmet restricted)
rElec   .          Harm     .    t - +0 cloak
rCorr   .          Rampage  .    (no gloves)
Will    .....                    B - +0 pair of boots
Stlth   +.........               p - amulet of the acrobat
HPRegen 0.30/turn                j - ring of flight
MPRegen 0.13/turn                (no ring)

@: flying, drained
A: antennae 1, foul stench 2, powered by pain 3
a: Renounce Religion


You were on level 8 of the Dungeon.
You worshipped Qazlal.
Qazlal was aware of your devotion.
You visited 1 branch of the dungeon, and saw 8 of its levels.

You collected 442 gold pieces.

Inventory:

Hand Weapons
 a - a +0 flail (weapon)
Missiles
 d - 3 throwing nets (quivered)
 y - a javelin
Armour
 b - a +0 leather armour (worn)
 c - a +0 helmet
 r - a +0 buckler
 t - a +0 cloak (worn)
 B - a +0 pair of boots (worn)
Jewellery
 j - a ring of flight (left hand)
 l - a ring of protection from cold
 m - a ring of ice
 p - an amulet of the acrobat (around neck)
Wands
 C - a wand of flame (14)
 D - a wand of paralysis (6)
Scrolls
 e - a scroll of fear {unknown}
 h - 3 scrolls of immolation {unknown}
 i - 2 scrolls of magic mapping {unknown}
 k - 12 scrolls of identify {unknown}
 q - 3 scrolls of enchant weapon {unknown}
 s - a scroll of vulnerability {unknown}
 u - 2 scrolls of amnesia {unknown}
 v - 4 scrolls of teleportation {unknown}
 x - a scroll of poison {unknown}
 F - a scroll of silence {unknown}
 H - a scroll of enchant armour {unknown}
Potions
 f - a potion of curing
 n - a potion of mutation {unknown}
 o - a potion of degeneration {unknown}
 w - 3 potions of heal wounds {unknown}
 z - a potion of resistance {unknown}
 A - a potion of berserk rage {unknown}
 E - a potion of brilliance {unknown}
 G - a potion of flight {unknown}


   Skills:
 + Level 6.6 Fighting
 * Level 8.8 Maces & Flails
 - Level 1.7 Throwing
 - Level 2.6 Dodging
 * Level 4.7 Invocations


You had 8 spell levels left.
You didn't know any spells.
Your spell library contained the following spells:

 Spells                   Type           Power      Damage    Failure   Level
 Sting                    Tmut/Pois      0%         1d3       41%         1
 Poisonous Vapours        Pois/Air       0%         N/A       56%         2
 Hailstorm                Conj/Ice       0%         3d3       80%         3
 Ice Form                 Ice/Tmut       0%         N/A       99%         4
 Olgreb's Toxic Radiance  Pois           0%         N/A       99%         4
 Simulacrum               Ice/Necr       0%         N/A       100%        6


Dungeon Overview and Level Annotations

Branches:
Dungeon (8/15)             Temple (0/1) D:6
   Lair: D:8-11

Altars:
Ashenzari
Nemelex Xobeh
Qazlal
Sif Muna
Yredelemnul


Innate Abilities, Weirdness & Mutations

You have a pair of small antennae on your head.
You sometimes emit foul miasma when damaged in melee.
You are powered by pain.


Message History

Aiming: Throw Flame
Press: ? - help, Shift-Dir - straight line, f/p - wight
Aim: a wight, wielding a +5 long sword and wearing a +0 robe (severely damaged, 68% to hit)
The puff of flame misses the wight.
The puff of flame misses the gnoll sergeant.
Unknown command.
Found a stone staircase leading down.
A wight is nearby!
There is a stone staircase leading down here.
You fly downwards.
There is a stone staircase leading up here.
You fly upwards.
The wight hits you with a +5 long sword.
You feel drained.
The wight hits you with a +5 long sword!
* * * LOW HITPOINT WARNING * * *
The gnoll sergeant closely misses you.
There is a stone staircase leading down, spattered with blood here.
The wight misses you.
The gnoll sergeant hits you but does no damage.
You fly downwards.
There is a stone staircase leading up here.
Aiming: Paralyse
Press: ? - help, Shift-Dir - straight line, f - wight
Aim: a wight, wielding a +5 long sword and wearing a +0 robe (severely damaged, chance to affect: 49%)
The wight resists with some effort.
You block the wight's attack.
Aiming: Paralyse
Press: ? - help, Shift-Dir - straight line, p - wight The wight resists with some effort.
The wight hits you with a +5 long sword!
* * * LOW HITPOINT WARNING * * *
You emit a cloud of foul miasma!
Unknown command.
You feel better. You block the wight's attack.
You closely miss the wight.
The wight is severely damaged.
The wight hits you with a +5 long sword!
* * * LOW HITPOINT WARNING * * *
You feel drained.
You die... ######### ......z@# #########

You could see a wight.

Vanquished Creatures
  2 water moccasins
  2 black bears
  A sky beast (D:7)
  An ice beast (D:6)
  5 ogres
  2 bullfrogs
  3 necrophages
  A scorpion (D:7)
  A howler monkey (D:5)
  3 hounds
  A jelly (D:6)
  An orc priest (D:6)
  A gnoll bouda (D:6)
  5 iguanas
  2 orc wizards
  3 gnolls
  7 adders
  A white imp (D:7)
  3 ufetubi
  A worm (D:2)
  2 dart slugs
  9 orcs
  6 ball pythons
  10 endoplasms
  5 giant cockroaches
  6 hobgoblins
  7 quokkas
  4 bats
  2 frilled lizards (D:1)
  7 goblins
  9 kobolds
  11 rats
124 creatures vanquished.

Vanquished Creatures (others)
  6 fungi (D:7)
6 creatures vanquished.

Grand Total: 130 creatures vanquished

Notes
Turn   | Place    | Note
-------+----------+-------------------------------------------
     0 | D:1      | billz999 the Demonspawn Gladiator began the quest for the
                  | Orb.
     0 | D:1      | Reached XP level 1. HP: 16/16 MP: 1/1
   125 | D:1      | Reached skill level 3 in Maces & Flails
   148 | D:1      | Gained mutation: You sometimes gain a little power by
                  | taking damage. [demonic ancestry]
   148 | D:1      | Reached XP level 2. HP: 22/22 MP: 2/2
   823 | D:2      | Reached XP level 3. HP: 28/28 MP: 3/3
  1593 | D:3      | Reached skill level 4 in Maces & Flails
  1593 | D:3      | Gained mutation: You sometimes gain power by taking damage.
                  | [demonic ancestry]
  1593 | D:3      | Reached XP level 4. HP: 28/34 MP: 4/4
  1638 | D:3      | Noticed a bullfrog
  1645 | D:3      | Killed a bullfrog
  1646 | D:3      | Gained mutation: You may rarely emit foul miasma when
                  | damaged in melee. [demonic ancestry]
  1646 | D:3      | Reached XP level 5. HP: 30/41 MP: 5/5
  1767 | D:3      | Found a basalt altar of Yredelemnul.
  1767 | D:3      | Found a shimmering blue altar of Sif Muna.
  1768 | D:3      | Found a stormy altar of Qazlal.
  1794 | D:3      | Became a worshipper of Qazlal Stormbringer
  2565 | D:3      | Noticed an ogre
  2588 | D:3      | Killed an ogre
  2589 | D:3      | Reached skill level 5 in Maces & Flails
  2589 | D:3      | Reached XP level 6. HP: 29/48 MP: 6/6
  3335 | D:4      | Found a broken altar of Ashenzari.
  3516 | D:5      | Entered Level 5 of the Dungeon
  3544 | D:5      | Reached skill level 6 in Maces & Flails
  3891 | D:5      | Discovered your monstrous ancestry.
  3891 | D:5      | Gained mutation: You have a pair of small antennae on your
                  | head. [demonic ancestry]
  3891 | D:5      | Reached XP level 7. HP: 27/54 MP: 7/7
  4071 | D:5      | Reached skill level 5 in Fighting
  4557 | D:5      | Reached skill level 7 in Maces & Flails
  4975 | D:6      | Gained mutation: You are powered by pain. [demonic
                  | ancestry]
  4975 | D:6      | Reached XP level 8. HP: 50/63 MP: 8/8
  5354 | D:6      | Found a staircase to the Ecumenical Temple.
  5440 | D:6      | Reached skill level 8 in Maces & Flails
  5575 | D:6      | Reached * piety under Qazlal
  5580 | D:6      | Reached skill level 1 in Invocations
  6115 | D:7      | Found a sparkling altar of Nemelex Xobeh.
  6137 | D:7      | Identified the +2 pair of boots "Ypedooba" {Str-2 Int+3}
  6636 | D:7      | Gained mutation: You sometimes emit foul miasma when
                  | damaged in melee. [demonic ancestry]
  6636 | D:7      | Reached XP level 9. HP: 69/71 MP: 12/12
  6707 | D:8      | Slain by a wight

Illustrated notes

Levels and vault maps discovered:
D:1:      lightli_iron_boxes, layout_basic
D:2:      layout_loops_cross, kennysheep_generic_room_12
D:3:      layout_loops_corners, chequers_temple_overflow_statue_of_worship,
          feat_on_display
D:4:      nicolae_cairo_tiling_very_big, layout_cave_pools, lemuel_doored_altar
D:5:      layout_gridville, minivault_5, amethyst_killhole
D:6:      layout_basic, minmay_temple_entry_proselytizer,
          kennysheep_generic_room_2
D:7:      minmay_polygon_palace, layout_basic, mainiacjoe_overflow_alcove_4,
          uniq_joseph
D:8:      layout_basic, zin_scriptorium, uniq_erica

Skill      XL: |  1  2  3  4  5  6  7  8 |
---------------+-------------------------+-----
Maces & Flails | 3 4 5 6 7 8 |  8.8
Fighting       | 3 4 5 6 |  6.6
Invocations    | 4 |  4.7
Throwing       | |  1.7
Dodging        | |  2.6

Action                   |  1- 3 |  4- 6 |  7- 9 || total
-------------------------+-------+-------+-------++-------
Melee: Flail             |   126 |   186 |   214 ||   526
       Punch             |     1 |     1 |     5 ||     7
Throw: Javelin           |       |     1 |       ||     1
Evoke: Wand              |       |       |     7 ||     7
  Use: Potion            |       |     2 |     5 ||     7
 Stab: Sleeping          |     1 |     2 |       ||     3
       Distracted        |     1 |       |       ||     1
       Paralysed         |       |       |     4 ||     4
Armor: Leather armour    |    34 |    58 |    42 ||   134
Dodge: Dodged            |    74 |   123 |   159 ||   356
Block: Other             |       |       |     4 ||     4

Table legend: (Time is in decaauts)
 A = Elapsed time spent in this place.
 B = Non-inter-level travel time spent in this place.
 C = Inter-level travel time spent in this place.
 D = Time resting spent in this place.
 E = Time spent auto-exploring this place.
 F = Levels seen in this place.
 G = Mean time per level.
                   A        B        C        D        E       F      G
               +--------+--------+--------+--------+--------+-----+--------+
         Total |   6763 |   6551 |    212 |    544 |   4845 |   8 |  845.4 |
       Dungeon |   6763 |   6551 |    212 |    544 |   4845 |   8 |  845.4 |
               +--------+--------+--------+--------+--------+-----+--------+

Top non-repeatable levels by time:
     D:5: 1227 daAuts
     D:3: 1193 daAuts
     D:6: 1177 daAuts
     D:4: 928 daAuts
     D:2: 794 daAuts
     D:1: 770 daAuts
     D:7: 664 daAuts
     D:8: 6 daAuts
